 Dungeon Crawl Stone Soup version 0.25-a0-670-g50981ef59b (webtiles) character file.

Game seed: 12011468066056686246, levelgen mode: deterministic

602 MisterFreud the Shield-Bearer (level 7, 0/60 HPs)
             Began as a Gnoll Fighter on Mar 29, 2020.
             Splashed by a jelly's acid (5 damage)
             ... on level 6 of the Dungeon.
             The game lasted 00:05:18 (4314 turns).

MisterFreud the Shield-Bearer (Gnoll Fighter)       Turns: 4314, Time: 00:05:18

Health: 0/60       AC: -9    Str: 18    XL:     7   Next: 41%
Magic:  10/10      EV: 12    Int: 12    God:
Gold:   139        SH: 14    Dex: 15    Spells: 6/10 levels left

rFire    + . .     SeeInvis .   a - +0 rapier
rCold    . . .     Gourm    .   c - +0 kite shield
rNeg     . . .     Faith    .   b - +0 scale mail
rPois    .         Spirit   .   (no helmet)
rElec    .         Reflect  +   l - +0 cloak
rCorr    .         Harm     .   p - +0 pair of gloves
MR       .....                  (no boots)
Stlth    +.........             r - +3 amulet of reflection
HPRegen  0.20/turn              w - +3 ring of evasion
MPRegen  0.12/turn              A - ring of protection from fire

@: corroded
A: distributed training, fangs 1, strong nose
a: no special abilities


You were on level 6 of the Dungeon.
You were hungry.

You visited 1 branch of the dungeon, and saw 6 of its levels.

You collected 139 gold pieces.

Inventory:

Hand Weapons
 a - a +0 rapier (weapon)
Missiles
 k - 121 arrows
 m - 149 stones (quivered)
 n - 77 bolts
 y - 9 boomerangs
 C - 15 sling bullets
 J - 17 poisoned darts
Armour
 b - a +0 scale mail (worn)
 c - a +0 kite shield (worn)
 l - a +0 cloak (worn)
 p - a +0 pair of gloves (worn)
 I - the +1 robe of the New World {Int+4, unknown}
   (You found it on level 5 of the Dungeon)

   It affects your intelligence (+4).
Jewellery
 j - an uncursed amulet of the acrobat {unknown}
 r - a +3 amulet of reflection (around neck)
 s - an uncursed amulet of rage {unknown}
 t - an uncursed amulet of regeneration {unknown}
 w - a +3 ring of evasion (left hand)
 A - a ring of protection from fire (right hand)
Wands
 D - a wand of digging (3)
Scrolls
 e - 3 scrolls of teleportation {unknown}
 g - a scroll of enchant weapon {unknown}
 h - 2 scrolls of fear {unknown}
 i - 3 scrolls of fog {unknown}
 v - 3 scrolls of identify {unknown}
 x - a scroll of magic mapping {unknown}
 B - 3 scrolls of remove curse {unknown}
 F - a scroll of enchant armour {unknown}
 G - 3 scrolls of noise {unknown}
 H - 2 scrolls of immolation {unknown}
 K - a scroll of amnesia {unknown}
Potions
 d - a potion of might
 o - a potion of brilliance {unknown}
 q - a potion of cancellation {unknown}
 u - a potion of lignification {unknown}
 z - a potion of magic {unknown}
 E - a potion of berserk rage {unknown}
Comestibles
 f - 11 rations


   Skills:
 + Level 7.0 Fighting
 + Level 5.2 Short Blades
 + Level 2.4 Long Blades
 + Level 2.4 Axes
 + Level 2.4 Maces & Flails
 + Level 2.4 Polearms
 + Level 2.4 Staves
 + Level 2.4 Slings
 + Level 2.4 Bows
 + Level 2.4 Crossbows
 + Level 2.4 Throwing
 + Level 7.0 Armour
 + Level 2.4 Dodging
 + Level 2.4 Stealth
 + Level 7.0 Shields
 + Level 2.4 Unarmed Combat
 + Level 2.4 Spellcasting
 + Level 2.0 Conjurations
 + Level 2.0 Hexes
 + Level 2.0 Charms
 + Level 2.0 Summonings
 + Level 2.0 Necromancy
 + Level 2.0 Translocations
 + Level 2.0 Transmutations
 + Level 2.0 Fire Magic
 + Level 2.0 Ice Magic
 + Level 2.0 Air Magic
 + Level 2.0 Earth Magic
 + Level 2.0 Poison Magic
 + Level 2.7 Invocations
 + Level 2.4 Evocations


You had 6 spell levels left.
You knew the following spells:

 Your Spells              Type           Power        Failure   Level  Hunger
a - Summon Lightning Spi  Summ/Air       #.......     100%        4    #####..

Your spell library contained the following spells:

 Spells                   Type           Power        Failure   Level  Hunger
 Sting                    Tmut/Pois      #...         65%         1    ##.....
 Summon Small Mammal      Summ           #...         65%         1    ##.....
 Call Imp                 Summ           #.......     80%         2    ###....
 Swiftness                Chrm/Air       #.......     80%         2    ###....
 Call Canine Familiar     Summ           #.......     95%         3    ####...
 Summon Guardian Golem    Hex/Summ       #.......     95%         3    ####...
 Summon Ice Beast         Ice/Summ       #.......     100%        4    #####..
 Iskenderun's Battlesphe  Conj/Chrm      #.......     100%        5    ######.
 Deflect Missiles         Chrm/Air       #.........   100%        6    #######
 Eringya's Noxious Bog    Tmut/Pois      #.........   100%        6    #######


Dungeon Overview and Level Annotations

Branches:
Dungeon (6/15)
 Temple: D:4-7

Altars:
Cheibriados
Elyvilon
Kikubaaqudgha
Makhleb
Qazlal
Ru
Uskayaw
Xom
The Shining One


Innate Abilities, Weirdness & Mutations

Your experience applies equally to all skills.
You have very sharp teeth.
Your uncanny sense of smell can sniff out nearby items.


Message History

* * * LOW HITPOINT WARNING * * *
You are splashed with acid.
* * * LOW HITPOINT WARNING * * *
You hit the jelly but do no damage. The acid corrodes you!
Your hands burn!
* * * LOW HITPOINT WARNING * * *
The jelly is almost dead.
You block the jelly's attack.
You hit the jelly but do no damage. The acid corrodes you!
Your hands burn!
* * * LOW HITPOINT WARNING * * *
The jelly is almost dead.
You block the jelly's attack.
Evoke which item? (* to show all) (? for menu, Esc to quit)
Okay, then.
Okay, then.
You hit the jelly but do no damage.
Your hands burn!
* * * LOW HITPOINT WARNING * * *
The jelly is almost dead.
The jelly barely misses you.
You hit the jelly but do no damage. The acid corrodes you!
Your hands burn!
You die...

.# . ...### . .
#....# b. #. #.#..#
...##. #.#..#
......# #.#..#
.......## #.#..####
........###.......#
##.#....J@........#
#...###........#
#.....
#####..<######
#.....
#..>..........
#..###
#...รท[).#####. #..
#.......# #.
..........<# #
####.......#
#.......#


You could see a jelly.

Vanquished Creatures
  A water moccasin (D:5)
  An orc warrior (D:4)
  A hound (D:4)
  A centaur skeleton (D:4)
  2 jellies
  2 orc wizards
  An orc priest (D:3)
  A worker ant (D:5)
  6 adders
  5 oozes
  2 worms (D:2)
  2 dart slugs (D:2)
  A leopard gecko (D:2)
  17 orcs
  3 bats
  2 giant cockroaches
  8 goblins
  6 hobgoblins
  2 jackals (D:5)
  2 quokkas
  A ball python (D:1)
  4 frilled lizards
  10 kobolds
  A quokka skeleton (D:4)
  2 rats (D:1)
84 creatures vanquished.

Notes
Turn   | Place    | Note
-------+----------+-------------------------------------------
     0 | D:1      | MisterFreud the Gnoll Fighter began the quest for the Orb.
     0 | D:1      | Reached XP level 1. HP: 23/23 MP: 1/1
    57 | D:1      | Reached XP level 2. HP: 29/29 MP: 2/2
   404 | D:1      | Reached XP level 3. HP: 33/35 MP: 3/3
   829 | D:2      | Reached skill level 1 in Invocations
   957 | D:2      | Reached skill level 1 in Long Blades
   957 | D:2      | Reached skill level 1 in Axes
   957 | D:2      | Reached skill level 1 in Maces & Flails
   957 | D:2      | Reached skill level 1 in Polearms
   957 | D:2      | Reached skill level 1 in Staves
   957 | D:2      | Reached skill level 1 in Slings
   957 | D:2      | Reached skill level 1 in Bows
   957 | D:2      | Reached skill level 1 in Crossbows
   957 | D:2      | Reached skill level 1 in Throwing
   957 | D:2      | Reached skill level 1 in Dodging
   957 | D:2      | Reached skill level 1 in Stealth
   957 | D:2      | Reached skill level 1 in Unarmed Combat
   957 | D:2      | Reached skill level 1 in Spellcasting
   957 | D:2      | Reached skill level 1 in Evocations
   973 | D:2      | Reached XP level 4. HP: 41/41 MP: 5/5
  1030 | D:2      | Found a hide-covered altar of Uskayaw.
  1342 | D:2      | Found a shimmering altar of Xom.
  1465 | D:3      | Reached skill level 1 in Conjurations
  1465 | D:3      | Reached skill level 1 in Hexes
  1465 | D:3      | Reached skill level 1 in Charms
  1465 | D:3      | Reached skill level 1 in Summonings
  1465 | D:3      | Reached skill level 1 in Necromancy
  1465 | D:3      | Reached skill level 1 in Translocations
  1465 | D:3      | Reached skill level 1 in Transmutations
  1465 | D:3      | Reached skill level 1 in Fire Magic
  1465 | D:3      | Reached skill level 1 in Ice Magic
  1465 | D:3      | Reached skill level 1 in Air Magic
  1465 | D:3      | Reached skill level 1 in Earth Magic
  1465 | D:3      | Reached skill level 1 in Poison Magic
  1507 | D:3      | Reached XP level 5. HP: 38/47 MP: 5/7
  1743 | D:3      | Found an ancient bone altar of Kikubaaqudgha.
  1761 | D:3      | Found a stormy altar of Qazlal.
  1963 | D:3      | Found a sacrificial altar of Ru.
  2147 | D:4      | Reached XP level 6. HP: 53/53 MP: 8/8
  2634 | D:4      | Noticed an orc warrior
  3164 | D:4      | Killed an orc warrior
  3164 | D:4      | Reached skill level 5 in Short Blades
  3188 | D:5      | Entered Level 5 of the Dungeon
  3218 | D:5      | Noticed a water moccasin
  3231 | D:5      | Killed a water moccasin
  3231 | D:5      | Reached XP level 7. HP: 21/59 MP: 10/10
  3617 | D:5      | Got a ripped robe
  4107 | D:5      | Found a snail-covered altar of Cheibriados.
  4110 | D:5      | Found a white marble altar of Elyvilon.
  4114 | D:5      | Found a glowing golden altar of the Shining One.
  4117 | D:5      | Found a burning altar of Makhleb.
  4186 | D:5      | Learned a level 4 spell: Summon Lightning Spire
  4206 | D:5      | Identified Omugak's Grimoire of Noxious Good Luck
  4314 | D:6      | Splashed by a jelly's acid

Levels and vault maps discovered:
D:1:      wander_arrival_peaceful_grave, layout_basic,
          wad_floor_pattern_untrapped
D:2:      layout_basic, tgw_xom, lemuel_crystal_altar, first_ration,
          kennysheep_boxes
D:3:      layout_basic, nicolae_qazlal_general_emergency,
          kiku_gazebo_pond_becter, nicolae_ru_great_annihilating_truth
D:4:      layout_loops_corners
D:5:      layout_gridville, minitemple
D:6:      layout_rooms, minmay_temple_entry_butterflies

Skill      XL: |  1  2  3  4  5  6  7 |
---------------+----------------------+-----
Invocations    | 1 2 |  2.7
Long Blades    | 1 2 |  2.4
Axes           | 1 2 |  2.4
Maces & Flails | 1 2 |  2.4
Polearms       | 1 2 |  2.4
Staves         | 1 2 |  2.4
Slings         | 1 2 |  2.4
Bows           | 1 2 |  2.4
Crossbows      | 1 2 |  2.4
Throwing       | 1 2 |  2.4
Dodging        | 1 2 |  2.4
Stealth        | 1 2 |  2.4
Unarmed Combat | 1 2 |  2.4
Spellcasting   | 1 2 |  2.4
Evocations     | 1 2 |  2.4
Conjurations   | 1 2 |  2.0
Hexes          | 1 2 |  2.0
Charms         | 1 2 |  2.0
Summonings     | 1 2 |  2.0
Necromancy     | 1 2 |  2.0
Translocations | 1 2 |  2.0
Transmutations | 1 2 |  2.0
Fire Magic     | 1 2 |  2.0
Ice Magic      | 1 2 |  2.0
Air Magic      | 1 2 |  2.0
Earth Magic    | 1 2 |  2.0
Poison Magic   | 1 2 |  2.0
Short Blades   | 5 |  5.2
Fighting       | 7 |  7.0
Armour         | 7 |  7.0
Shields        | 7 |  7.0

Action                   |  1- 3 |  4- 6 |  7- 9 || total
-------------------------+-------+-------+-------++-------
Melee: Rapier            |    69 |   205 |    44 ||   318
       Bite              |     8 |    21 |     3 ||    32
  Use: Potion            |       |     1 |       ||     1
 Stab: Paralysed         |       |     1 |       ||     1
  Eat: Chunk             |       |     6 |     1 ||     7
       Ration            |       |       |     1 ||     1
Armor: Scale mail        |    17 |    37 |     8 ||    62
Dodge: Dodged            |    14 |    59 |    12 ||    85
Block: Kite shield       |    34 |   123 |    26 ||   183
       Reflection        |       |     7 |       ||     7

Table legend:
 A = Non-vault XP
 B = Vault XP
 C = Vault XP percentage of total XP
 D = Non-vault monster count
 E = Vault monster count
 F = Vault count percentage of total count
                 A         B        C        D         E       F
            +---------+---------+-------+---------+---------+-------
      Total |     840 |      21 |   2.4 |      73 |      11 |  13.1
            +---------+---------+-------+---------+---------+-------
        D:1 |      43 |       0 |   0.0 |      17 |       0 |   0.0
        D:2 |      66 |      15 |  18.5 |      16 |       7 |  30.4
        D:3 |     155 |       6 |   3.7 |      18 |       4 |  18.2
        D:4 |     275 |       0 |   0.0 |      11 |       0 |   0.0
        D:5 |     249 |       0 |   0.0 |       7 |       0 |   0.0
        D:6 |      52 |       0 |   0.0 |       4 |       0 |   0.0
            +---------+---------+-------+---------+---------+-------
